 BcadrenCrawl: Boulder Brew version 0.06-744-gf22570f5e0 (webtiles) character file.

Game seed: 13068877816182887239

1535 LabCoat the Chopper (level 8, 0/99 HPs) Hill Orc Fighter. Began on Mar 12, 2023. Slain by a centaur ... wielding a +0 halberd (22 damage) ... in a bailey. The game lasted 00:25:10 (4013 turns).

LabCoat the Chopper (Hill Orc Fighter)              Turns: 4013, Time: 00:25:11

Health: 0/99       AC: 28    Str: 21    XL:     8 ^: 159
Magic:  8/8        EV:  7    Int:  8    God:
Gold:   109        SH: 13    Dex:  7    Spells: 7/7 levels left

rFire    + . .     Slash    .   a - +0 war axe
rCold    . . .     Pierce   .   m - +1 heater shield {rF+}
rNeg     + + .     Bludgeon .   e - +9 plate armour "Giwex" {Harm rN+ MR++ Dex-3}
rCorr    . . .     Vision   .   (no helmet)
rPois    .         Gourm    .   i - +0 cloak
rElec    .         Faith    .   (no gloves)
MR       ++...     Spirit   .   (no boots)
HPRegen  0.43/turn Reflect  +   h - amulet of reflection (curse) {(Curse: *Slow)}
MPRegen  0.18/turn Harm     +   q - ring of protection
Stlth    ..........             y - ring of positive energy

@: very slightly contaminated, invisible
A: soft flesh
a: no special abilities


You were in a bailey.
You were not hungry.

You visited 1 branch of the dungeon, and saw 4 of its levels.
You also visited: Bailey.

You collected 109 gold pieces.

Inventory:

Weapons
 a - a +0 war axe (weapon)
 w - a +0 spear of venom Shields
 m - a +1 heater shield of fire resistance (shield)
Armour
 e - the +9 plate armour "Giwex" (worn) {Harm rN+ MR++ Dex-3}
   (You acquired it on level 1 of the Dungeon)

   It affects your dexterity (-3).
   It protects you from negative energy.
   It affects your resistance to hostile enchantments.
   It increases damage dealt and taken.
 i - a +0 cloak (worn)
Jewellery
 b - a cursed ring of protection from magic {(Curse: rC-)}
 d - a cursed amulet of guardian spirit {(Curse: MP-9)}
 h - a cursed amulet of reflection (around neck) {(Curse: *Slow)}
 j - an uncursed amulet of regeneration
 l - a cursed ring of fire {(Curse: *Corrode *Slow)}
 q - a ring of protection (left hand)
 r - a cursed ring of dexterity {(Curse: rF-)}
 s - a cursed ring of wizardry {(Curse: rC-)}
 v - an uncursed ring of fire
 y - a ring of positive energy (right hand)
Wands
 n - a wand of healing
Scrolls
 g - 3 scrolls of magic mapping
 k - a scroll of fear
 o - a scroll of blinking
 u - 2 scrolls of enchantment
 x - a scroll of immolation
Potions
 p - a potion of cancellation
 t - 2 potions of mutation
 z - a potion of ambrosia
Comestibles
 f - 9 rations


   Skills:
 * Level 7.3 Fighting
 * Level 7.6 Axes & Hammers
 * Level 6.8 Armour
 + Level 2.7 Dodging
 + Level 5.2 Shields
 * Level 0.3 Evocations


You had 7 spell levels left.
You didn't know any spells.
Your spell library was empty.

Dungeon Overview and Level Annotations

Branches:
Dungeon (4/8)              Bailey (1/1)
 Temple: D:4

Altars:


Innate Abilities, Weirdness & Mutations

((Your soft flesh is weak to deep cuts.
Heavy manmade armour will nullify this weakness. (rSlashing-)))


Message History

Unknown command.
Evoke which item? (* to show all) (? for menu, Esc to quit)
This wand has no charges.
You block the centaur's attack.
You hit the centaur but do no damage.
The centaur is moderately wounded. (16/21) HP The centaur hits you but does no damage.
Things that are here:
a +0 halberd; a +0 ring mail; a centaur corpse You strike the helpless centaur from behind!
You hit the centaur (6).
The centaur is heavily wounded. (10/21) HP You hit the centaur (1).
The centaur is heavily wounded. (9/21) HP The centaur throws a javelin.
The javelin pokes you (4).
* * * LOW HITPOINT WARNING * * *
You hit the centaur but do no damage.
The centaur is heavily wounded. (9/21) HP The centaur hits you with a +0 halberd (19)!!
You die...

####+##########
#≈......ooooo.#####
#≈...≈≈≈≈≈≈≈≈≈....##
##≈..≈≈).}....≈≈≈.⌠.#
##≈≈..c@≈≈≈≈≈≈≈..≈≈..#
##≈≈...≈≈≈.....≈≈≈.≈≈.#
#≈≈⌠..≈≈..≈≈≈≈≈..≈≈)≈.##
#≈≈$.≈≈.≈≈≈...≈≈≈.≈.≈≈.#
#≈$..≈.≈≈..⌠.⌠..≈.≈≈.≈.#
#≈$$.≈.....∩∩∩..≈).).≈.#
#≈$..≈.≈≈..⌠.⌠..≈.≈≈)≈.#
#≈≈$.≈≈.≈≈≈...≈≈≈.≈)≈≈.#
#≈≈⌠..≈≈..≈≈≈≈≈..≈≈.≈.##


You could see a centaur and 5 orcs.

Vanquished Creatures
  Duvessa (D:2)
  A water moccasin (D:2)
  An ogre (D:3)
  Ijyb (D:2)
  A crocodile (D:2)
  3 big kobolds (D:2)
  Dowan (D:2)
  A centaur (Bailey)
  A spectral sky beast (D:3)
  3 jellies (D:2)
  An orc wizard (D:3)
  2 worker ants (D:3)
  11 giant cockroaches
  A cysgobwca (D:3)
  3 adders (D:2)
  20 sewer rats
  19 cinder newts
  5 worms
  A howler monkey zombie (D:3)
  5 oozes
  A dart slug (D:1)
  5 leopard geckos
  8 orcs
  An adder skeleton (D:2)
  An adder zombie (D:3)
  A ball python (D:2)
  2 goblins (D:1)
  4 hobgoblins (D:1)
  21 kobolds
  7 bats
  A goblin skeleton (D:2)
  A leopard gecko skeleton (D:2)
  A quokka skeleton (D:3)
  A quokka zombie (D:3)
  11 rats
  9 withered plants (D:2)
157 creatures vanquished.

Vanquished Creatures (others)
  A bat (D:2)
  3 giant blowflies (D:2)
  A slimehead (D:2)
  80 withered plants (D:2)
85 creatures vanquished.

Grand Total: 242 creatures vanquished

Notes
Turn   | Place    | Note
-------+----------+-------------------------------------------
     0 | D:1      | Identified a scroll of acquirement
     0 | D:1      | LabCoat the Hill Orc Fighter began the quest for the Orb.
     0 | D:1      | Reached XP level 1. HP: 29/29 MP: 1/1
    94 | D:1      | Reached XP level 2. HP: 16/39 MP: 2/2
   205 | D:1      | Reached XP level 3. HP: 49/49 MP: 3/3
   339 | D:1      | Reached XP level 4. HP: 41/59 MP: 4/4
   515 | D:1      | HP: 1/59 [cinder newt (3)]
   562 | D:1      | Acquired the +9 plate armour "Giwex" {Harm rN+ MR++ Dex-3}
  1025 | D:1      | Reached skill level 1 in Dodging
  1025 | D:1      | Reached XP level 5. HP: 68/69 MP: 5/5
  1278 | D:2      | Noticed a water moccasin
  1286 | D:2      | Killed a water moccasin
  1286 | D:2      | Reached skill level 5 in Fighting
  1286 | D:2      | Reached XP level 6. HP: 74/79 MP: 6/6
  1397 | D:2      | Reached skill level 5 in Axes & Hammers
  1449 | D:2      | Noticed Ijyb
  1457 | D:2      | Reached skill level 5 in Armour
  1469 | D:2      | Killed Ijyb
  1469 | D:2      | Reached XP level 7. HP: 89/89 MP: 7/7
  1938 | D:2      | Noticed Duvessa
  1958 | D:2      | Killed Duvessa
  1958 | D:2      | Reached XP level 8. HP: 85/99 MP: 8/8
  1962 | D:2      | Noticed Dowan
  1983 | D:2      | Killed Dowan
  3290 | D:3      | Reached skill level 5 in Shields
  3929 | D:4      | Found a flagged portal.
  3942 | Bailey   | Entered a bailey
  4013 | Bailey   | Slain by a centaur

Illustrated notes

Levels and vault maps discovered:
D:1:      dpeg_arrival_chambers_temple_mockup, layout_rooms,
          kennysheep_generic_room_6, portal_sewer_entry_c
D:2:      layout_sewer, uniq_ijyb, uniq_duvessa
D:3:      layout_loops_ring, first_ration, hangedman_weighted_door
D:4:      layout_cave_pools, minmay_temple_entry_mist, serial_shops,
          nicolae_shop_crystal, enter_bailey_2, david_nohive_1, uniq_harold,
          uniq_maggie, uniq_maurice, uniq_erica
Bailey:   bailey_polearm_flooded_kennysheep, bailey

Skill      XL: |  1  2  3  4  5  6  7  8 |
---------------+-------------------------+-----
Axes & Hammers | 3 4 5 6 7 |  7.6
Fighting       | 4 5 6 7 |  7.3
Armour         | 4 5 6 |  6.8
Dodging        | 1 2 |  2.7
Shields        | 4 5 |  5.2
Evocations     | |  0.3

Action                   |  1- 3 |  4- 6 |  7- 9 || total
-------------------------+-------+-------+-------++-------
Melee: War axe           |    31 |   152 |   268 ||   451
Throw: Skull             |       |    11 |    25 ||    36
       Stone             |       |    10 |    55 ||    65
       Rusty metal       |       |     5 |    29 ||    34
       Bone              |       |     6 |    30 ||    36
Evoke: Wand              |       |       |     1 ||     1
  Use: Potion            |     1 |     2 |     2 ||     5
       Scroll            |       |     2 |     2 ||     4
 Stab: Invisible         |       |       |     1 ||     1
  Eat: Chunk             |       |     2 |     6 ||     8
       Ration            |       |       |     1 ||     1
Armor: Scale mail        |    24 |    31 |       ||    55
       Plate armour      |       |   106 |   304 ||   410
Dodge: Dodged            |     9 |    40 |    48 ||    97
Block: Heater shield     |    13 |    65 |   163 ||   241
       Reflection        |       |       |     8 ||     8
